 Dungeon Crawl Stone Soup version 0.23.2-1-ga50397a6bc (webtiles) character file.

Game seed: 17945395530605489323

312 Gordogan the Vandal (level 6, -6/51 HPs)
             Began as a Minotaur Hunter on May 4, 2019.
             Mangled by Menkaure (10 damage)
             ... on level 3 of the Dungeon.
             The game lasted 00:30:56 (3040 turns).

Gordogan the Vandal (Minotaur Hunter)               Turns: 3040, Time: 00:30:57

Health: -6/51      AC:  9    Str: 18    XL:     6   Next: 18%
Magic:  14/14      EV:  8    Int:  8    God:
Gold:   197        SH:  0    Dex: 11    Spells: 5/5 levels left

rFire    . . .     SeeInvis .   b - +0 short sword
rCold    . . .     Gourm    .   (no shield)
rNeg     . . .     Faith    .   v - +0 chain mail
rPois    .         Spirit   .   (helmet restricted)
rElec    .         Reflect  .   o - +0 cloak (curse)
rCorr    .         Harm     .   (no gloves)
MR       .....                  (no boots)
Stlth    ..........             (no amulet)
HPRegen  0.17/turn              e - ring of magical power
MPRegen  0.14/turn              (no ring)

@: lightly drained
A: retaliatory headbutt, horns 2
a: no special abilities


You were on level 3 of the Dungeon.
You were not hungry.

You visited 1 branch of the dungeon, and saw 4 of its levels.

You collected 197 gold pieces.

Inventory:

Hand Weapons
 a - a +1 hunting sling
 b - a +0 short sword (weapon)
Missiles
 d - 19 sling bullets
 n - 91 stones (quivered)
Armour
 o - a cursed +0 cloak (worn)
 v - a +0 chain mail (worn)
Jewellery
 e - a ring of magical power (left hand)
Scrolls
 g - 3 scrolls of remove curse
 m - 2 scrolls of teleportation
Potions
 c - 2 potions of agility {unknown}
 h - a potion of magic {unknown}
 i - 3 potions of berserk rage {unknown}
 k - a potion of resistance {unknown}
 l - a potion of degeneration {unknown}
 p - 2 potions of lignification {unknown}
 q - a potion of ambrosia {unknown}
 r - a potion of haste {unknown}
 s - a potion of might {unknown}
 u - a potion of heal wounds {unknown}
 w - 2 potions of curing {unknown}
Comestibles
 f - 14 rations


   Skills:
 + Level 3.4(3.1) Fighting
 + Level 2.4(2.2) Short Blades
 + Level 6.5(6.2) Slings
 + Level 0.9(3.5) Throwing
 + Level 2.1(1.9) Armour
 + Level 2.9(2.7) Dodging
 + Level 1.0(0.7) Stealth


You had 5 spell levels left.
You didn't know any spells.
Your spell library was empty.

Dungeon Overview and Level Annotations

Branches:
Dungeon (4/15)
 Temple: D:4-7

Altars:

Annotations:
D:3 Menkaure
D:4 Eustachio


Innate Abilities, Weirdness & Mutations

You reflexively headbutt those who attack you in melee.
You have a pair of horns on your head.


Message History

Menkaure hits you!
You hit Menkaure.
Menkaure is heavily damaged.
Menkaure hits you!
* * * LOW HITPOINT WARNING * * *
You hit Menkaure but do no damage. You headbutt Menkaure.
Menkaure is severely damaged.
Menkaure calls on the powers of darkness!
Your body is wracked with pain!
* * * LOW HITPOINT WARNING * * *
You hit Menkaure but do no damage.
Menkaure is severely damaged.
Menkaure calls on the powers of darkness!
Your body is wracked with pain!
* * * LOW HITPOINT WARNING * * *
Your chain mail prevents you from hitting Menkaure.
You headbutt Menkaure.
Menkaure is almost destroyed.
Menkaure hits you!
You die...

....# #..# #.# #.##........#
....# ##.###.# #...........#
....# #..##.# #.###+#'#.###
....#########.##.########.#.#.#
............)..#.#..........#.#
#.#..........#.#.#........>.#.#
#.#..........#...#..........#.#
#.#..........##[M#..........#.###
#.#..........#..@...........#....
#.#..........#..............#####
#.#..........#..............#
..#..........#....#######÷#÷#
##############....##......#.# ..#
#....##......#.# ..##########
#....#.......#.# #).........#
######......##.# #..........#
#......##.#####


You could see Menkaure.

Vanquished Creatures
  Blork the orc (D:3)
  A howler monkey (D:4)
  A worker ant (D:3)
  An iguana (D:3)
  9 adders
  An ooze (D:1)
  2 worms
  3 dart slugs
  3 leopard geckos
  4 orcs
  9 bats
  2 giant cockroaches (D:3)
  4 goblins
  11 hobgoblins
  8 kobolds
  A quokka (D:2)
  A ball python (D:1)
  3 frilled lizards
  7 rats
72 creatures vanquished.

Notes
Turn   | Place    | Note
-------+----------+-------------------------------------------
     0 | D:1      | Gordogan the Minotaur Hunter began the quest for the Orb.
     0 | D:1      | Reached XP level 1. HP: 18/18 MP: 0/0
   117 | D:1      | Reached XP level 2. HP: 24/25 MP: 1/1
   192 | D:1      | Reached skill level 5 in Slings
   622 | D:1      | Reached XP level 3. HP: 30/30 MP: 2/2
   644 | D:2      | You fall through a shaft!
  1074 | D:2      | Reached XP level 4. HP: 37/37 MP: 3/3
  1216 | D:2      | Reached skill level 1 in Short Blades
  1294 | D:2      | Reached skill level 1 in Armour
  1760 | D:3      | Reached skill level 6 in Slings
  1957 | D:3      | Reached XP level 5. HP: 27/45 MP: 4/4
  2429 | D:4      | Noticed Blork the orc
  2612 | D:3      | Killed Blork the orc
  2765 | D:4      | Noticed Eustachio
  2769 | D:4      | Noticed Menkaure
  2785 | D:4      | Reached skill level 1 in Stealth
  2785 | D:4      | Reached XP level 6. HP: 26/51 MP: 5/5
  3040 | D:3      | Mangled by Menkaure

Skill      XL: |  1  2  3  4  5 |
---------------+----------------+-----
Slings         | 5 6 |  6.5
Short Blades   | 1 2 |  2.4
Armour         | 1 2 |  2.1
Fighting       | 3 |  3.4
Stealth        | 1 |  1.0
Throwing       | |  0.9
Dodging        | |  2.9

Action                   |  1- 3 |  4- 6 || total
-------------------------+-------+-------++-------
Melee: Short sword       |    26 |   130 ||   156
       Headbutt          |     5 |    19 ||    24
 Fire: Hunting sling     |    50 |    42 ||    92
Throw: Stone             |       |    18 ||    18
  Use: Scroll            |     5 |     1 ||     6
  Eat: Chunk             |       |     7 ||     7
Armor: Leather armour    |    12 |       ||    12
       Chain mail        |       |    55 ||    55
       Ring mail         |       |    20 ||    20
Dodge: Dodged            |    35 |    49 ||    84
